 Seeded DCSS version 0.28.0 (webtiles) character file.

Game seed: 10379525442082979767 (custom seed)

52 hikkokomori the Sneak (level 4, -2/37 HPs)
             Began as a Formicid Delver on Feb 16, 2022.
             Killed from afar by Sigmund (4 damage)
             ... with a magic dart
             ... on level 3 of the Dungeon.
             The game lasted 00:03:55 (645 turns).

hikkokomori the Sneak (Formicid Delver)              Turns: 645, Time: 00:03:55

Health: -2/37      AC:  5    Str: 18    XL:     4   Next: 8%
Magic:  4/4        EV: 11    Int: 10    God:
Gold:   42         SH:  0    Dex: 12    Spells: 3/3 levels left

rFire   + . .      SeeInvis +   a - +0 hand axe
rCold   + . .      Faith    .   (no shield)
rNeg    . . .      Spirit   .   b - +0 leather armour
rPois   +          Reflect  .   (helmet unavailable)
rElec   +          Harm     .   k - +1 cloak
rCorr   +          Rampage  .   (no gloves)
Will    .....                   (no boots)
Stlth   +++.......              (no amulet)
HPRegen 0.12/turn               (no ring)
MPRegen 0.09/turn               (no ring)

@: resistant
A: permanent stasis, dig shafts and tunnels, antennae 3, four strong arms
a: Dig, Shaft Self


You were on level 3 of the Dungeon.
You visited 1 branch of the dungeon, and saw 3 of its levels.

You collected 42 gold pieces.

Inventory:

Hand Weapons
 a - a +0 hand axe (weapon)
Armour
 b - a +0 leather armour (worn)
 g - a +0 chain mail
 k - a +1 cloak (worn)
Magical Staves
 j - a staff of earth
Wands
 f - a wand of digging (3)
Scrolls
 c - a scroll of fog
 d - 2 scrolls of magic mapping
 e - a scroll of enchant weapon {unknown}
 h - a scroll of teleportation {unknown}
 m - a scroll of blinking {unknown}
Potions
 i - a potion of resistance


   Skills:
 + Level 4.3 Fighting
 + Level 3.1 Axes
 - Level 1.7 Dodging
 - Level 6.0 Stealth


You had 3 spell levels left.
You didn't know any spells.
Your spell library was empty.

Dungeon Overview and Level Annotations

Branches:
Dungeon (5/15)
 Temple: D:4-7

Altars:

Annotations:
D:3 Sigmund


Innate Abilities, Weirdness & Mutations

You cannot be hasted, slowed, berserked, paralysed or teleported.
You can dig through walls and to a lower floor.
You have a pair of large antennae on your head. (SInv)
Your four strong arms can wield two-handed weapons with a shield.


Message History

You have reached level 4!
You feel clever. Sigmund barely misses you.
You see here an adder corpse.
You hit Sigmund but do no damage. You barely miss Sigmund.
Sigmund points at you and mumbles some strange words.
The magic dart hits you. Sigmund casts a spell at you.
You are confused.
You slash Sigmund!
Sigmund is moderately wounded.
Sigmund hits you with a +0 scythe.
You closely miss Sigmund.
Sigmund is moderately wounded.
You hit Sigmund.
Sigmund is moderately wounded.
Sigmund says, "I'm your fate." Sigmund hits you with a +0 scythe!
* * * LOW HITPOINT WARNING * * *
You hit Sigmund but do no damage.
Sigmund is moderately wounded.
Sigmund closely misses you.
You're too confused to move!
Sigmund barely misses you.
You feel less confused. Sigmund barely misses you.
You closely miss Sigmund.
Sigmund is moderately wounded.
Sigmund barely misses you.
You completely miss Sigmund.
Sigmund is moderately wounded.
You hit Sigmund but do no damage.
Sigmund is moderately wounded.
Sigmund hits you with a +0 scythe!
* * * LOW HITPOINT WARNING * * *
It was a potion of resistance.
You feel protected. Sigmund casts a spell at you. The magic dart hits you.
You die...

#.###### #...# #......#
#...# #.#.##.#
#####...#####
#...##.###...........#
..#.#..................
.#.#)...###...........#
#.##....# #####...####
.#..##..# #†..#
#.#....## #@@.# ##.#..#
#...# ....#.# ##.##
...##.# ..! ......####
..## #..#.....# ####..#
#..#.###.##.....:.
.................#
#.#..#.#...####..#


You could see Sigmund (invisible).

Vanquished Creatures
  A centaur zombie (D:5)
  An adder (D:3)
  An adder skeleton (D:4)
  A giant cockroach (D:3)
  2 jackals (D:4)
  A kobold (D:3)
  A quokka (D:3)
8 creatures vanquished.

Vanquished Creatures (others)
  6 plants (D:5)
6 creatures vanquished.

Grand Total: 14 creatures vanquished

Notes
Turn   | Place    | Note
-------+----------+-------------------------------------------
     0 | D:5      | hikkokomori the Formicid Delver began the quest for the
                  | Orb.
     0 | D:5      | Reached XP level 1. HP: 18/18 MP: 1/1
    29 | D:5      | Reached XP level 2. HP: 8/25 MP: 2/2
    29 | D:5      | Reached XP level 3. HP: 9/30 MP: 3/3
   308 | D:5      | Noticed a sky beast
   309 | D:5      | Noticed a killer bee
   309 | D:5      | Noticed a killer bee
   312 | D:5      | Noticed a killer bee
   312 | D:5      | Noticed a killer bee
   313 | D:5      | Noticed a killer bee
   502 | D:3      | Noticed Sigmund
   632 | D:3      | Reached XP level 4. HP: 28/37 MP: 4/4
   645 | D:3      | Killed from afar by Sigmund

Illustrated notes

Levels and vault maps discovered:
D:3:      layout_loops_cross, serial_shops, nicolae_shop_hallway_stairs,
          ebering_ecumenical_altar_ruins, uniq_sigmund
D:4:      layout_loops_corners, kennysheep_generic_room_2, uniq_blork_the_orc,
          uniq_edmund, uniq_robin
D:5:      layout_cave_pools, corexii_corridor_pit, minmay_lizard_king,
          uniq_eustachio, uniq_ijyb, uniq_duvessa, uniq_prince_ribbit1

Skill      XL: |  1  2  3 |
---------------+----------+-----
Fighting       | 4 |  4.3
Axes           | 3 |  3.1
Dodging        | |  1.7
Stealth        | |  6.0

Action                   |  1- 3 |  4- 6 || total
-------------------------+-------+-------++-------
Melee: Hand axe          |    40 |     9 ||    49
  Use: Potion            |     1 |     1 ||     2
       Scroll            |     1 |       ||     1
 Stab: Sleeping          |     3 |       ||     3
Armor: Leather armour    |    13 |       ||    13
Dodge: Dodged            |    32 |     5 ||    37
